Map: 메크 디포 - 래더

Players

DnS - Winner!

  • Race: Protoss Protoss
  • Spawn Location: 1:00

PiLiPiLi

  • Race: Protoss Protoss
  • Spawn Location: 7:00

Event: WCS Montreal 2017

VOD

Have the link to the VOD?

Description

Time

  • Played on: Sept. 8, 2017, 7:28 p.m.
  • Length: 11:47

All games in this series

Show
View Real Time Build Order
Export as new Build Order

DnS Protoss - Winner!

Build Orders: Oracle Opening 

Get SALT Encoding   

  12  0:00  Probe (Chrono Boost)  
  13  0:11  Probe (Chrono Boost)  
  14  0:17  Pylon  
  14  0:22  Probe (Chrono Boost)  
  15  0:35  Probe (Chrono Boost)  
  16  0:36  Gateway  
  16  0:41  Assimilator  
  16  0:45  Probe (Chrono Boost)  
  17  0:50  Assimilator  
  17  0:56  Probe (Chrono Boost)  
  18  1:06  Probe (Chrono Boost)  
  18  1:07  Gateway  
  19  1:17  Probe (Chrono Boost)  
  20  1:24  Cybernetics Core  
  20  1:28  Probe (Chrono Boost)  
  20  1:32  Pylon  
  21  1:38  Probe (Chrono Boost)  
  22  1:49  Probe (Chrono Boost)  
  23  1:59  Probe (Chrono Boost)  
  23  2:00  Stalker x2  
  28  2:01  Warp Gate (Chrono Boost)  
  28  2:08  Pylon  
  28  2:15  Mothership Core  
  31  2:44  Stargate, Probe  
  31  2:54  Nexus  
  31  2:57  Probe  
  32  3:03  Pylon  
  32  3:09  Probe  
  33  3:22  Probe  
  34  3:27  Oracle (Chrono Boost)  
  37  3:34  Probe, Twilight Council  
  38  3:45  Pylon  
  38  3:46  Probe  
  39  3:51  Stalker  
  39  3:52  Stalker  
  43  3:59  Probe (Chrono Boost)  
  44  4:07  Probe (Chrono Boost)  
  46  4:10  Probe (Chrono Boost)  
  46  4:11  Oracle (Chrono Boost)  
  49  4:18  Probe  
  49  4:21  Probe  
  51  4:28  Probe  
  51  4:30  Stalker x2  
  56  4:33  Probe  
  57  4:39  Probe  
  58  4:49  Probe x2  
  58  4:52  Robotics Facility  
  60  4:59  Assimilator  
  60  5:00  Probe, Pylon  
  60  5:01  Probe  
  62  5:07  Blink (Chrono Boost)  
  62  5:09  Pylon  
  62  5:10  Probe  
  62  5:13  Probe  
  64  5:15  Nexus  
  64  5:21  Probe  
  64  5:23  Pylon  
  65  5:30  Probe  
  65  5:35  Stalker x2  
  70  5:36  Probe  
  70  5:40  Assimilator, Observer (Chrono Boost)  
  72  5:44  Probe  
  72  5:47  Pylon  
  72  5:49  Probe  
  74  5:59  Observer (Chrono Boost)  
  74  6:02  Stalker x2  
  79  6:05  Probe x2  
  79  6:07  Gateway  
  79  6:10  Gateway  
  81  6:14  Pylon  
  81  6:17  Probe x2  
  83  6:19  Observer (Chrono Boost)  
  84  6:32  Stalker x2  
  88  6:34  Probe  
  88  6:35  Probe x2  
  95  6:40  Immortal (Chrono Boost)  
  95  6:45  Probe  
  96  6:47  Probe  
  96  6:48  Probe, Forge  
  98  6:57  Probe  
  98  7:00  Sentry x2  
  103  7:03  Gateway  
  103  7:05  Sentry  
  105  7:09  Probe x2, Protoss Ground Weapons Level 1 (Chrono Boost)  
  105  7:11  Gateway  
  105  7:12  Charge  
  105  7:14  Gateway, Pylon  
  107  7:17  Probe  
  107  7:19  Immortal (Chrono Boost)  
  113  7:25  Gateway  
  113  7:34  Stalker x2  
  113  7:35  Zealot x2  
  120  7:38  Pylon  
  114  7:48  Pylon  
  114  7:49  Pylon  
  114  7:51  Pylon  
  114  7:54  Immortal (Chrono Boost)  
  116  7:58  Zealot x4  
  116  7:59  Probe  
  116  8:00  Probe  
  116  8:04  Photon Cannon  
  126  8:17  Probe x3  
  126  8:18  Assimilator  
  127  8:20  Assimilator  
  127  8:25  Stalker x5  
  137  8:29  Probe x2  
  139  8:43  Warp Prism (Chrono Boost)  
  139  8:44  Zealot x2  
  139  8:45  Pylon  
  139  8:47  Photon Cannon, Pylon  
  145  8:50  Robotics Bay  
  145  8:58  Protoss Ground Weapons Level 2  
  145  9:00  Photon Cannon  
  145  9:03  Zealot  
  145  9:04  Zealot x3  
  145  9:09  Zealot x3  
  159  9:23  Dark Shrine  
  159  9:30  Stalker x5  
  145  9:56  Pylon  
  145  9:58  Pylon  
  113  10:00  Pylon  
  70  10:29  Stalker x4  
  70  10:30  Stalker x2  
Show
View Real Time Build Order
Export as new Build Order

PiLiPiLi Protoss 

Build Orders: Dark Templar Rush 

Get SALT Encoding   

  12  0:01  Probe (Chrono Boost)  
  13  0:11  Probe (Chrono Boost)  
  14  0:19  Pylon  
  14  0:22  Probe (Chrono Boost)  
  15  0:38  Probe (Chrono Boost), Gateway  
  15  0:42  Assimilator  
  16  0:48  Probe (Chrono Boost)  
  17  0:51  Assimilator  
  17  0:59  Probe (Chrono Boost)  
  18  1:04  Gateway  
  18  1:09  Probe (Chrono Boost)  
  19  1:20  Probe (Chrono Boost)  
  20  1:26  Cybernetics Core  
  20  1:30  Probe (Chrono Boost)  
  21  1:35  Pylon  
  21  1:41  Probe (Chrono Boost)  
  22  1:51  Probe (Chrono Boost)  
  23  2:02  Stalker x2  
  23  2:03  Warp Gate (Chrono Boost)  
  23  2:07  Mothership Core  
  29  2:16  Pylon  
  29  2:24  Twilight Council  
  29  2:30  Probe  
  31  2:55  Nexus  
  30  3:02  Dark Shrine  
  30  3:04  Probe  
  31  3:16  Probe  
  31  3:17  Pylon  
  32  3:28  Probe  
  33  3:39  Pylon  
  33  3:43  Probe (Chrono Boost)  
  33  3:47  Robotics Facility  
  34  3:53  Probe (Chrono Boost)  
  35  4:04  Probe (Chrono Boost)  
  36  4:14  Dark Templar x2  
  40  4:17  Probe (Chrono Boost)  
  40  4:18  Probe (Chrono Boost)  
  42  4:28  Probe x2 (Chrono Boost)  
  44  4:35  Observer (Chrono Boost)  
  46  4:38  Probe  
  46  4:39  Probe, Blink (Chrono Boost)  
  45  4:50  Probe  
  45  4:51  Probe  
  45  4:53  Stalker  
  45  4:55  Stalker  
  49  5:02  Probe  
  49  5:03  Probe  
  49  5:06  Assimilator  
  51  5:08  Assimilator  
  51  5:14  Probe  
  51  5:15  Probe  
  51  5:18  Nexus  
  53  5:22  Stalker  
  53  5:24  Stalker  
  53  5:26  Probe  
  53  5:27  Probe  
  59  5:39  Probe, Gateway  
  59  5:41  Gateway  
  61  5:48  Gateway  
  60  5:50  Gateway  
  60  5:56  Gateway  
  59  5:58  Probe x2  
  59  6:04  Pylon  
  61  6:07  Pylon  
  61  6:17  Warp Prism  
  61  6:25  Stalker x2  
  67  6:31  Pylon  
  67  6:38  Stalker x2  
  70  6:52  Stalker x3  
  70  6:53  Stalker  
  70  6:54  Stalker  
  80  7:20  Pylon  
  80  7:21  Pylon  
  78  7:24  Pylon  
  78  7:25  Pylon  
  78  7:41  Stalker x7  
  92  8:00  Nexus  
  92  8:04  Dark Templar x3  
  92  8:05  Dark Templar  
  100  8:08  Pylon  
  97  8:29  Probe x2  
  99  8:34  Robotics Facility, Robotics Bay  
  100  8:41  Probe x2  
  101  8:48  Stalker x4  
  101  8:53  Probe x2  
  111  8:57  Pylon  
  111  9:03  Forge  
  111  9:05  Probe  
  112  9:11  Probe  
  112  9:12  Probe  
  114  9:17  Assimilator, Probe  
  114  9:19  Assimilator  
  114  9:21  Disruptor x2 (Chrono Boost)  
  114  9:23  Pylon  
  121  9:31  Adept  
  121  9:32  Adept x2  
  121  9:33  Adept  
Tags
 
Add a new tag
Caveats
  • Supply blocks, unpowered buildings, or Contaminate may cause inaccurate times.
  • Supply counts are checked every 10 seconds.